 Dungeon Crawl Stone Soup version 0.30-a0-722-g3e6e8c874d (webtiles) character file.

Game seed: 2507699030517206344

66 killozap the Grave Robber (level 3, -1/26 HPs)
             Began as a Demonspawn Necromancer on Jan 28, 2023.
             Killed by nerve-wracking pain
             ... invoked by an orc priest
              (12 damage)
             ... on level 2 of the Dungeon.
             The game lasted 00:05:27 (1909 turns).

killozap the Grave Robber (Demonspawn Necromancer)  Turns: 1909, Time: 00:05:28

Health: -1/26      AC:  6    Str:  8    XL:     3   Next: 96%
Magic:  6/6        EV: 12    Int: 18    God:
Gold:   143        SH:  0    Dex: 13    Spells: 5/6 levels left

rFire   . . .      SeeInvis .    g - +0 dagger
rCold   . . .      Faith    .    (no shield)
rNeg    . . .      Spirit   .    a - +0 robe
rPois   .          Reflect  .    (no helmet)
rElec   .          Harm     .    (no cloak)
rCorr   .          Rampage  .    n - +0 pair of gloves
Will    .....                    d - +0 pair of boots
Stlth   ++                       (no amulet)
HPRegen 0.24/turn                (no ring)
MPRegen 0.10/turn                (no ring)

@: no status effects
A: thin metallic scales 1, foul stench 1
a: no special abilities


You were on level 2 of the Dungeon.
You visited 1 branch of the dungeon, and saw 3 of its levels.

You collected 143 gold pieces.

Inventory:

Hand Weapons
 g - a +0 dagger (weapon)
Armour
 a - a +0 robe (worn)
 d - a +0 pair of boots (worn)
 n - a +0 pair of gloves (worn)
Jewellery
 p - a ring of fire
Scrolls
 c - 3 scrolls of silence {unknown}
 f - 2 scrolls of teleportation {unknown}
 h - 2 scrolls of identify {unknown}
 j - 3 scrolls of magic mapping {unknown}
 k - a scroll of blinking {unknown}
 l - a scroll of fear {unknown}
 m - 2 scrolls of brand weapon {unknown}
 o - a scroll of enchant weapon {unknown}
Potions
 b - a potion of magic
 e - a potion of haste {unknown}
 i - 2 potions of berserk rage {unknown}
 q - a potion of flight {unknown}


   Skills:
 + Level 1.3 Fighting
 + Level 2.3 Dodging
 - Level 1.7 Stealth
 + Level 2.4 Spellcasting
 * Level 5.1 Necromancy


You had 5 spell levels left.
You knew the following spells:

 Your Spells              Type           Power      Damage    Failure   Level
a - Necrotise             Necr           80%        1d8       1%          1

Your spell library contained the following spells:

 Spells                   Type           Power      Damage    Failure   Level
 Vampiric Draining        Necr           20%        2d7       6%          3
 Animate Dead             Necr           20%        N/A       21%         4
 Frozen Ramparts          Ice            4%         1d1       45%         3
 Agony                    Necr           20%        N/A       50%         5
 Ice Form                 Ice/Tmut       2%         N/A       86%         4
 Summon Ice Beast         Ice/Summ       2%         N/A       86%         4


Dungeon Overview and Level Annotations

Branches:
Dungeon (3/15)

Altars:


Innate Abilities, Weirdness & Mutations

You are partially covered in thin metallic scales. (AC +2)
You may rarely emit foul miasma when damaged in melee.


Message History

The quokka barely misses you.
You completely miss the quokka.
The quokka is severely wounded.
The quokka completely misses you.
Terence closely misses the quokka.
The quokka bites you.
You hit the quokka but do no damage.
The quokka is severely wounded.
The quokka bites you.
You hit the quokka but do no damage.
The quokka is severely wounded.
Terence hits the quokka.
The quokka dies!
You start resting.
Terence crumbles into dust!
HP restored.
Magic restored.
You now have 143 gold pieces (gained 11).
h - 2 scrolls labelled XEHEGOIHUA (gained 1)
m - 2 scrolls labelled VIDIUXK OTEDE (gained 1)
Found a stone staircase leading down.
Done exploring.
Done exploring.
There is a stone staircase leading down here.
You climb downwards.
The orc shouts!
The orc wizard shouts!
The orc shouts!
The orc priest shouts!
The endoplasm quivers.
Found 11 gold pieces and a scroll labelled XEHEGOIHUA.
There is a stone staircase leading up here.
The quokka closely misses you.
The orc priest invokes the aid of Beogh against you.
Beogh smites you!
Ouch! That really hurt!
The orc closely misses you.
You climb upwards.
There is a stone staircase leading down here.
You closely miss the orc priest.
The quokka bites you but does no damage.
The orc priest mumbles some strange prayers to Beogh against you.
Pain shoots through your body!
You die...

#................##...#####
#.......#####...)##.#.....##
#.......# #.........#.....##
#.......# #.#....##.##....##
######### #.#....##....##.##
#.##.#######.##...
##.##.#######.#####
#..r..........#####
#.@o...............
#..................
#...#############.. #...#
#.. ##### #.. #.. #.. #..
###


You could see an orc priest and a quokka.

Vanquished Creatures
  Terence (D:2)
  A dart slug (D:2)
  5 ball pythons
  6 bats
  An endoplasm (D:2)
  2 goblins (D:1)
  4 hobgoblins
  2 jackals (D:1)
  5 kobolds
  2 quokkas
  A frilled lizard (D:1)
  5 rats
35 creatures vanquished.

Vanquished Creatures (collateral kills)
  A bat (D:1)
  A quokka (D:2)
  A ball python (D:1)
  A frilled lizard (D:2)
  A rat (D:1)
5 creatures vanquished.

Grand Total: 40 creatures vanquished

Notes
Turn   | Place    | Note
-------+----------+-------------------------------------------
     0 | D:1      | killozap the Demonspawn Necromancer began the quest for the
                  | Orb.
     0 | D:1      | Reached XP level 1. HP: 13/13 MP: 3/3
   215 | D:1      | Gained mutation: You are partially covered in thin metallic
                  | scales. (AC +2) [demonic ancestry]
   215 | D:1      | Reached XP level 2. HP: 20/20 MP: 1/5
  1105 | D:2      | Reached skill level 1 in Fighting
  1146 | D:2      | Gained mutation: You may rarely emit foul miasma when
                  | damaged in melee. [demonic ancestry]
  1146 | D:2      | Reached XP level 3. HP: 26/26 MP: 3/6
  1723 | D:2      | Reached skill level 5 in Necromancy
  1788 | D:2      | Noticed Terence
  1809 | D:2      | Killed Terence
  1909 | D:2      | Killed from afar by an orc priest

Illustrated notes

Levels and vault maps discovered:
D:1:      evilmike_arrival_plus, layout_basic
D:2:      layout_basic, uniq_terence
D:3:      minmay_angry_zag, layout_rooms, uniq_sigmund

Skill      XL: |  1  2  3 |
---------------+----------+-----
Dodging        | 2 |  2.3
Fighting       | 1 |  1.3
Necromancy     | 5 |  5.1
Stealth        | |  1.7
Spellcasting   | |  2.4

Action                     || total
---------------------------++-------
  Melee: Dagger            ||    34
   Cast: Necrotise         ||    69
 Armour: Robe              ||    21
  Dodge: Dodged            ||    45

Table legend: (Time is in decaauts)
 A = Elapsed time spent in this place.
 B = Non-inter-level travel time spent in this place.
 C = Inter-level travel time spent in this place.
 D = Time resting spent in this place.
 E = Time spent auto-exploring this place.
 F = Levels seen in this place.
 G = Mean time per level.
                   A        B        C        D        E       F      G
               +--------+--------+--------+--------+--------+-----+--------+
         Total |   1908 |   1874 |     34 |    188 |   1384 |   3 |  636.0 |
       Dungeon |   1908 |   1874 |     34 |    188 |   1384 |   3 |  636.0 |
               +--------+--------+--------+--------+--------+-----+--------+

Top non-repeatable levels by time:
     D:1: 1018 daAuts
     D:2: 888 daAuts
     D:3: 1 daAuts
